 Dungeon Crawl Stone Soup version 0.15-a0-2198-g7f377d1 (webtiles) character file.

1224 PolkaDot the Ruinous (level 8, -12/52 HPs)
             Began as a Vampire Wizard on July 23, 2014.
             Was an Initiate of Sif Muna.
             Mangled by an orc warrior
             ... wielding a cursed -1 trident
              (16 damage)
             ... on Level 6 of the Dungeon.
             The game lasted 00:38:02 (5962 turns).

PolkaDot the Ruinous (Vampire Wizard)               Turns: 5962, Time: 00:38:04

HP -12/52        AC  2     Str  6      XL: 8   Next: 23%
MP   2/16        EV 13     Int 22      God: Sif Muna [......]
Gold 267         SH  0     Dex 12      Spells:  5 memorised,  2 levels left

rFire  . . .     SeeInvis +     u - +0 short sword (vamp)
rCold  . . .     Clarity  .     a - +0 robe
rNeg   . . .     rCorr    .     (no shield)
rPois  +         rRot     .     b - +0 hat
rElec  .         Spirit   .     (no cloak)
SustAb .         Warding  .     (no gloves)
rMut   .         Stasis   .     (no boots)
Gourm  .                        k - amulet of faith
MR     .....                    f - ring of poison resistance
                                r - +1 ring of evasion

@: regenerating very quickly, repel missiles, not resistant to hostile
enchantments, unstealthy
A: bottle blood, fangs 3, see invisible, unbreathing
a: Bottle Blood, Renounce Religion


You were on level 6 of the Dungeon.
You worshipped Sif Muna.
Sif Muna was noncommittal.
You were almost alive.

You visited 2 branches of the dungeon, and saw 7 of its levels.

You collected 267 gold pieces.

Inventory:

Hand weapons
 u - a +0 vampiric short sword (weapon)
Missiles
 m - 2 throwing nets (quivered)
Armour
 a - a +0 robe (worn)
 b - a +0 hat (worn)
Scrolls
 e - a scroll of identify
 h - a scroll of noise
 j - a scroll of enchant armour
 n - a scroll of amnesia
 o - a scroll of teleportation
 p - a scroll of fear
 s - a scroll of remove curse
 w - a scroll of blinking
 y - a scroll of fog
Jewellery
 f - a ring of poison resistance (right hand)
 i - an uncursed amulet of resist corrosion
 k - an amulet of faith (around neck)
 r - a +1 ring of evasion (left hand)
 x - an uncursed amulet of warding
Potions
 d - a potion of berserk rage
 g - a potion of restore abilities
 l - a potion of curing
 q - 14 potions of blood {@w2}
 t - a potion of flight
 v - a potion of cure mutation {!q}
Books
 c - a book of Minor Magic

   Spells                             Type                      Level
   *Magic Dart                        Conjuration                  1
   *Blink                             Translocation                2
   Call Imp                           Summoning                    2
   *Repel Missiles                    Charms/Air                   2
   Slow                               Hexes                        2
   *Conjure Flame                     Conjuration/Fire             3
   *Mephitic Cloud                    Conjuration/Poison/Air       3


   Skills:
 + Level 2.4 Short Blades
 - Level 2.1 Dodging
 - Level 3.0 Stealth
 - Level 3.0 Spellcasting
 * Level 6.1 Conjurations
   Level 1.0 Summonings
 - Level 0.7 Translocations
 - Level 0.8 Fire Magic
 + Level 4.8 Air Magic


You had 2 spell levels left.
You knew the following spells:

 Your Spells              Type           Power        Failure   Level  Hunger
a - Magic Dart            Conj           ####         1%          1    None
d - Mephitic Cloud        Conj/Pois/Air  ###.....     12%         3    ###....
q - Blink                 Tloc           N/A          17%         2    ##.....
s - Conjure Flame         Conj/Fire      ###.....     12%         3    ###....
D - Repel Missiles        Chrm/Air       ##....       10%         2    ##.....


Dungeon Overview and Level Annotations

Branches:
Dungeon (6/15)             Temple (1/1) D:6

Altars:
Dithmenos
Fedhas
Gozag
Nemelex Xobeh
Okawaru
Qazlal
Sif Muna
Trog
Zin
The Shining One

Shops:
D:5 [


Innate Abilities, Weirdness & Mutations

Your natural rate of healing is extremely fast.
You can bottle blood from corpses.
You have razor-sharp teeth.
You have supernaturally acute eyesight.
You can survive without breathing.


Message History

Confirm with . or Enter, or press ? or * to list all spells.
Aiming: Mephitic Cloud
Press: ? - help, Shift-Dir - straight line, f - orc warrior
Aim: an orc warrior, wielding a trident and wearing a chain mail (heavily wounded)
The beam explodes into a vile cloud!
The stinking cloud engulfs the orc warrior.
The orc warrior is heavily wounded.
The stinking cloud engulfs you!
* * * LOW MAGIC WARNING * * *
The orc warrior is engulfed in noxious fumes.
The orc warrior appears confused.
The orc warrior hits you with a trident!
* * * LOW HITPOINT WARNING * * *
You catch the helpless orc warrior completely off-guard!
You hit the orc warrior.
You feel better.
The orc warrior is severely wounded.
The orc warrior is engulfed in noxious fumes.
The orc warrior appears confused.
The orc warrior hits you with a trident!
You die...

.≈≈≈≈≈≈≈≈≈≈≈≈♣....#. ###....## #
.≈≈≈♣≈≈≈≈♣≈≈≈♣.#.##.# #.#..# ###
.≈≈≈≈≈≈≈≈≈≈≈≈≈.#....# #.#. # #..
..≈≈≈≈≈≈≈≈≈≈♣♣.#..#.####....###.#
..♣♣≈≈≈≈≈≈≈♣≈...................#
.#≈≈≈≈≈≈≈≈≈♣≈..##.####.....##....
....≈≈≈≈≈♣≈ ...#§.#))..###.###...
###..≈≈♣≈♣...###o##)#### #.# #.⌠.
##..♣≈♣..####§@#..######.###...
##.....###.........)..........
##########................⌠..>.
##.#######........#######.......
#...##......%###### #.###...
#...>.......## #.# #.⌠.
#....<..##### #.###... #...#####
#......# #...# ########


You could see an orc warrior (confused).

Vanquished Creatures
  Duvessa (D:6)
  3 ogres
  2 giant frogs (D:6)
  2 hounds
  Dowan (D:6)
  3 orc priests
  4 worker ants
  2 iguanas (D:4)
  5 orc wizards
  Ijyb (D:2)
  14 adders
  A shadow imp (D:6)
  2 giant mites
  2 worms
  An orc zombie (D:5)
  An ooze (D:2)
  20 orcs
  5 giant cockroaches
  32 goblins
  7 hobgoblins
  7 jackals
  5 ball pythons
  15 bats
  A giant gecko (D:6)
  3 giant newts
  A goblin skeleton (D:4)
  10 kobolds
  A kobold zombie (D:5)
  3 quokkas
  5 rats
160 creatures vanquished.

Notes
Turn   | Place    | Note
--------------------------------------------------------------
     0 | D:1      | PolkaDot, the Vampire Wizard, began the quest for the Orb.
     0 | D:1      | Reached XP level 1. HP: 13/13 MP: 4/4
   100 | D:1      | Reached skill level 1 in Conjurations
   227 | D:1      | Reached XP level 2. HP: 19/19 MP: 6/6
   875 | D:2      | Reached XP level 3. HP: 8/24 MP: 0/7
   896 | D:2      | Learned a level 3 spell: Conjure Flame
   900 | D:2      | Learned a level 3 spell: Mephitic Cloud
  1231 | D:2      | Reached XP level 4. HP: 30/30 MP: 1/9
  1325 | D:2      | Found a sparkling altar of Nemelex Xobeh.
  1520 | D:2      | Reached skill level 1 in Air Magic
  2183 | D:2      | Noticed Ijyb
  2233 | D:2      | Killed Ijyb
  2300 | D:2      | Reached XP level 5. HP: 35/35 MP: 7/11
  2308 | D:2      | Learned a level 2 spell: Repel Missiles
  3093 | D:3      | Found a shadowy altar of Dithmenos.
  3352 | D:3      | Noticed an ogre
  3375 | D:3      | Gained mutation: Armour fits poorly on your strangely shaped body. [potion of mutation]
  3375 | D:3      | Gained mutation: You are covered in fur (AC +1). [potion of mutation]
  3375 | D:3      | Gained mutation: Your flesh is heat resistant. [potion of mutation]
  3383 | D:3      | Killed an ogre
  3383 | D:3      | Reached skill level 4 in Conjurations
  3383 | D:3      | Reached XP level 6. HP: 11/41 MP: 1/12
  4060 | D:3      | Learned a level 2 spell: Blink
  4311 | D:4      | Reached XP level 7. HP: 41/46 MP: 1/14
  4326 | D:4      | Reached skill level 5 in Conjurations
  5061 | D:4      | Lost mutation: Armour fits poorly on your strangely shaped body. [potion of cure mutation]
  5061 | D:4      | Lost mutation: Your flesh is heat resistant. [potion of cure mutation]
  5061 | D:4      | Lost mutation: You are covered in fur (AC +1). [potion of cure mutation]
  5111 | D:5      | Entered Level 5 of the Dungeon
  5111 | D:5      | Found a blossoming altar of Fedhas.
  5181 | D:5      | Found Puaziada's Antique Armour Shoppe.
  5272 | D:5      | Found a glowing silver altar of Zin.
  5577 | D:5      | Reached skill level 1 in Short Blades
  5790 | D:6      | Found a staircase to the Ecumenical Temple.
  5800 | D:6      | Reached XP level 8. HP: 48/52 MP: 13/16
  5817 | Temple   | Entered the Ecumenical Temple
  5829 | Temple   | Became a worshipper of Sif Muna the Loreminder
  5870 | D:6      | Noticed Duvessa
  5875 | D:6      | Noticed Dowan
  5893 | D:6      | Killed Duvessa
  5906 | D:6      | Killed Dowan
  5906 | D:6      | Reached skill level 6 in Conjurations
  5961 | D:6      | HP: 2/52 [orc warrior/trident (9)]
  5962 | D:6      | Mangled by an orc warrior

Action                   |  1- 3 |  4- 6 |  7- 9 || total
-------------------------+-------+-------+-------++-------
Melee: Dagger            |    23 |   188 |    18 ||   229
       Short sword       |       |       |   163 ||   163
 Cast: Magic Dart        |    52 |    77 |    14 ||   143
       Mephitic Cloud    |       |    26 |    15 ||    41
       Conjure Flame     |       |    13 |     5 ||    18
       Repel Missiles    |       |     1 |       ||     1
 Abil: Bottle Blood      |       |    17 |    12 ||    29
  Use: Potion            |     1 |    10 |    13 ||    24
       Scroll            |       |     5 |    13 ||    18
 Stab: Sleeping          |     3 |     2 |     2 ||     7
       Confused          |       |     9 |    12 ||    21
  Eat: Corpse            |     9 |    19 |       ||    28
